Map: Romanticide LE

Players

MaSa

  • Race: Terran Terran

JonSnow - Winner!

  • Race: Zerg Zerg
  • League: Master

Event: DreamHack SC2 Masters 2021 Summer

VOD

Have the link to the VOD?

Description

Time

  • Played on: May 26, 2021, 6:03 p.m.
  • Length: 11:48

All games in this series

Show
View Real Time Build Order
Export as new Build Order

MaSa Terran 

Build Orders:  

Get SALT Encoding   

  12  0:00  SCV  
  13  0:12  SCV  
  14  0:17  Supply Depot  
  14  0:24  SCV  
  15  0:38  SCV  
  15  0:39  Barracks  
  16  0:43  Refinery  
  16  0:50  SCV  
  17  1:03  SCV  
  18  1:15  SCV  
  19  1:26  Barracks Reactor  
  19  1:27  Orbital Command  
  19  1:39  Command Center  
  19  1:48  Supply Depot  
  19  1:52  SCV  
  20  2:02  Marine x2  
  20  2:06  SCV  
  23  2:13  Factory  
  23  2:18  SCV  
  23  2:19  Marine  
  23  2:20  Marine  
  23  2:21  Refinery  
  26  2:27  Bunker  
  26  2:30  SCV  
  27  2:42  SCV  
  28  2:52  Orbital Command  
  28  2:54  SCV  
  28  2:58  Starport, Marine  
  30  3:06  SCV  
  30  3:10  Hellion x2  
  34  3:17  Marine  
  34  3:18  SCV  
  36  3:23  Bunker  
  36  3:24  SCV  
  37  3:31  Hellion  
  37  3:32  Hellion  
  41  3:36  Marine  
  41  3:38  Supply Depot  
  42  3:41  Medivac  
  42  3:43  SCV  
  42  3:45  SCV  
  46  3:52  Armory  
  46  4:01  SCV x2, Fusion Core  
  48  4:03  Marine  
  48  4:08  Hellion  
  51  4:13  SCV  
  51  4:14  Hellion  
  54  4:18  Supply Depot  
  54  4:25  Starport Tech Lab  
  54  4:39  SCV x2  
  54  4:40  Hellion x2  
  54  4:41  Supply Depot  
  60  4:52  SCV x2  
  62  5:03  Hellion x2  
  62  5:04  SCV x2  
  66  5:10  Battlecruiser  
  67  5:16  SCV  
  67  5:17  Command Center  
  67  5:21  SCV  
  63  5:24  Hellion  
  63  5:28  SCV, Hellion  
  62  5:33  SCV  
  62  5:35  Supply Depot  
  63  5:37  Refinery  
  63  5:38  Refinery  
  63  5:40  SCV  
  64  5:45  SCV  
  64  5:47  Factory  
  65  5:50  Factory  
  65  5:52  SCV  
  65  5:55  Hellion x2  
  70  6:00  SCV  
  71  6:04  SCV  
  71  6:08  Engineering Bay, Supply Depot  
  73  6:18  SCV  
  73  6:28  Battlecruiser  
  73  6:31  Orbital Command  
  73  6:32  SCV x2  
  71  6:33  Factory Tech Lab x2, Hellion  
  71  6:34  Hellion  
  71  6:37  Missile Turret  
  73  6:42  Missile Turret  
  73  6:44  SCV, Missile Turret  
  73  6:46  Weapon Refit  
  74  6:47  SCV  
  74  6:54  Marine  
  75  6:55  Widow Mine x2  
  75  6:57  SCV  
  75  6:59  Cyclone  
  84  7:04  Cyclone  
  84  7:06  SCV  
  87  7:09  SCV  
  88  7:18  SCV  
  88  7:21  SCV, Hellion x2  
  94  7:23  Terran Vehicle And Ship Armor Level 1  
  94  7:25  Factory  
  94  7:26  Orbital Command  
  94  7:30  SCV  
  94  7:33  SCV  
  94  7:35  Factory  
  96  7:42  SCV  
  97  7:45  SCV, Cyclone  
  101  7:56  Refinery  
  101  7:58  Supply Depot  
  101  7:59  SCV x3, Supply Depot  
  104  8:05  Refinery, Missile Turret  
  104  8:11  SCV x2  
  106  8:13  SCV  
  113  8:20  Battlecruiser  
  113  8:21  Supply Depot  
  113  8:23  Factory Tech Lab, Factory Reactor, SCV, Supply Depot  
  113  8:25  Missile Turret  
  113  8:26  SCV  
  115  8:32  Supply Depot  
  115  8:33  Siege Tank  
  118  8:35  Hellion  
  118  8:36  SCV x2  
  122  8:42  Supply Depot  
  122  8:43  SCV  
  122  8:45  Supply Depot  
  123  8:48  Thor  
  123  8:52  SCV  
  123  8:54  SCV  
  131  9:00  SCV  
  131  9:01  Hellion  
  131  9:02  Hellion x2  
  138  9:06  SCV  
  139  9:12  Command Center  
  139  9:17  Thor  
  139  9:19  SCV x2  
  139  9:20  SCV  
  139  9:24  Hellion, Infernal Pre-Igniter  
  150  9:30  Supply Depot  
  150  9:32  Supply Depot  
  150  9:35  Siege Tank  
  153  9:41  Hellion x2, Sensor Tower  
  157  9:45  Supply Depot  
  157  9:52  Hellion x2  
  161  9:54  Battlecruiser  
  161  9:59  Siege Tank  
  170  10:03  Mag-Field Accelerator  
  170  10:06  Supply Depot  
  170  10:09  Hellion x2  
  170  10:10  Supply Depot  
  170  10:12  Siege Tank  
  170  10:14  Siege Tank  
  180  10:20  Hellion x2  
  178  10:27  SCV x2  
  180  10:33  Siege Tank  
  183  10:37  Refinery  
  183  10:41  Missile Turret  
  183  10:42  Missile Turret  
  183  10:43  Refinery  
  183  10:45  Armory  
  183  10:48  Factory  
  157  10:58  Hellion x3, Siege Tank  
  157  10:59  Hellion, Siege Tank  
  158  11:06  Hellion  
  158  11:11  SCV  
  149  11:14  SCV  
  136  11:20  Hellion x3  
  136  11:22  SCV  
  136  11:25  Hellion  
  119  11:35  SCV  
Show
View Real Time Build Order
Export as new Build Order

JonSnow Zerg - Winner!

Build Orders: Hatch First 

Get SALT Encoding   

  12  0:02  Drone  
  13  0:13  Overlord  
  13  0:17  Drone  
  14  0:31  Drone x2  
  16  0:49  Hatchery  
  15  0:51  Drone  
  15  0:56  Drone  
  17  1:03  Drone  
  18  1:10  Extractor  
  17  1:15  Spawning Pool  
  16  1:19  Drone  
  16  1:25  Drone  
  18  1:36  Drone  
  19  1:42  Drone  
  20  1:50  Overlord  
  20  2:02  Queen x2  
  20  2:03  Zergling x2  
  20  2:04  Zergling x2  
  26  2:13  Metabolic Boost  
  26  2:17  Drone x2  
  28  2:27  Drone x2  
  30  2:33  Drone  
  31  2:37  Drone, Queen  
  31  2:44  Queen  
  34  2:50  Overlord  
  36  3:06  Overlord  
  36  3:09  Drone  
  36  3:10  Drone x3  
  36  3:12  Drone x4  
  44  3:18  Lair  
  44  3:24  Drone x2  
  44  3:26  Drone x2  
  48  3:32  Drone  
  48  3:33  Overlord  
  49  3:35  Extractor  
  49  3:37  Extractor  
  47  3:42  Overlord  
  47  3:46  Drone  
  47  3:47  Drone x2  
  47  3:48  Drone  
  51  3:53  Drone x2  
  51  3:54  Drone  
  53  4:03  Hatchery  
  53  4:04  Drone x2  
  54  4:10  Overlord, Baneling Nest  
  53  4:17  Spine Crawler  
  53  4:19  Queen  
  54  4:25  Spore Crawler  
  54  4:27  Queen  
  54  4:29  Zergling x2  
  56  4:33  Zergling x6  
  59  4:41  Drone, Spire  
  59  4:43  Zergling x2  
  60  4:49  Zergling x8  
  64  4:58  Zergling x6  
  64  5:04  Zergling x2  
  64  5:05  Zergling x8  
  66  5:10  Zergling x2  
  63  5:14  Zergling x2  
  58  5:22  Zergling x4  
  58  5:26  Drone  
  58  5:28  Drone, Baneling x2  
  57  5:29  Drone  
  57  5:31  Queen x3  
  57  5:34  Drone  
  57  5:35  Drone  
  67  5:40  Overseer  
  67  5:45  Drone x4  
  71  5:50  Extractor, Overlord  
  71  5:52  Spore Crawler  
  71  5:56  Overlord x2  
  69  6:01  Baneling  
  69  6:02  Baneling x2, Mutalisk  
  69  6:04  Mutalisk  
  73  6:16  Mutalisk x4  
  81  6:25  Mutalisk x2  
  85  6:31  Mutalisk  
  82  6:34  Drone  
  82  6:35  Drone x2  
  82  6:37  Drone x2  
  82  6:39  Queen  
  87  6:42  Mutalisk  
  87  6:44  Drone x3  
  87  6:46  Drone  
  95  6:52  Overlord  
  95  6:53  Mutalisk  
  97  7:02  Overlord  
  96  7:11  Mutalisk x2  
  95  7:18  Drone x10  
  95  7:21  Drone x2  
  105  7:26  Spore Crawler  
  104  7:30  Drone x3  
  104  7:31  Drone  
  104  7:35  Extractor  
  104  7:36  Extractor  
  106  7:40  Roach Warren  
  105  7:48  Drone x6  
  105  7:50  Evolution Chamber  
  110  7:57  Drone  
  107  8:01  Overlord  
  107  8:06  Overlord  
  107  8:07  Hatchery  
  107  8:09  Overlord  
  106  8:13  Overlord x2  
  106  8:16  Overseer  
  106  8:18  Zerg Missile Weapons Level 1  
  106  8:20  Glial Reconstitution  
  106  8:22  Roach  
  106  8:23  Roach x4  
  106  8:26  Roach  
  106  8:27  Roach  
  120  8:28  Overlord  
  120  8:41  Roach x3  
  120  8:42  Roach x5  
  130  8:58  Corruptor x4  
  132  9:04  Corruptor x2  
  135  9:15  Hatchery  
  135  9:16  Corruptor  
  132  9:32  Corruptor x3  
  132  9:34  Overlord  
  132  9:35  Overlord  
  138  9:39  Ravager x3  
  138  9:40  Overseer  
  138  9:42  Corruptor  
  138  9:44  Drone x3  
  138  9:45  Drone x2  
  148  9:50  Drone  
  148  9:51  Spine Crawler  
  148  9:53  Roach x2  
  154  10:00  Roach x2  
  154  10:07  Queen  
  154  10:10  Roach  
  154  10:11  Roach x4  
  164  10:16  Overlord  
  164  10:21  Roach x4  
  170  10:26  Overlord x2  
  169  10:34  Roach x2  
  173  10:41  Extractor  
  173  10:42  Extractor  
  172  10:43  Ravager x6  
  177  10:52  Roach x7  
  182  11:00  Roach  
  182  11:01  Roach x4  
  188  11:04  Roach  
  188  11:09  Roach x3  
  188  11:10  Roach  
  190  11:15  Roach x2  
  174  11:19  Roach  
  174  11:22  Roach  
  160  11:26  Roach  
Tags
 
Add a new tag
Caveats
  • Supply blocks, unpowered buildings, or Contaminate may cause inaccurate times.
  • Supply counts are checked every 10 seconds.